 Dungeon Crawl Stone Soup version 0.14-a0-2374-ge879b5e (webtiles) character file.

806 Kae the Ruinous (level 7, 0/36 HPs)
             Began as a Tengu Fire Elementalist on Feb 1, 2014.
             Slain by a hobgoblin
             ... wielding a +0,+0 club
              (7 damage)
             ... on Level 5 of the Dungeon.
             The game lasted 00:11:09 (4829 turns).

Kae the Ruinous (Tengu Fire Elementalist)           Turns: 4829, Time: 00:11:09

HP   0/36        AC  5     Str  8      XL: 7   Next: 77%
MP   1/17        EV 12     Int 17      God:
Gold 60          SH  0     Dex 15      Spells:  4 memorised,  3 levels left

rFire  . . .     SeeInvis .     q - +0,+2 spear (chaos)
rCold  . . .     Clarity  .     a - +1 robe
rNeg   . . .     Conserve .     (no shield)
rPois  .         rCorr    .     (helmet restricted)
rElec  .         rRot     .     (no cloak)
SustAb . .       Spirit   .     (no gloves)
rMut   .         Warding  .     (boots unavailable)
Saprov . . .     Stasis   .     (no amulet)
MR     .....                    (no ring)
                                e - +2 ring of protection

@: not resistant to hostile enchantments, fairly stealthy
A: able to fly, beak, talons 3, slow metabolism 1
a: Fly


You were on level 5 of the Dungeon.
You were not hungry.

You visited 1 branch of the dungeon, and saw 5 of its levels.
You also visited: Sewer.

You collected 120 gold pieces.
You spent 60 gold pieces at shops.

Inventory:

Hand weapons
 i - a +2,+0 elven dagger
 n - a +0,+0 halberd
 q - a +0,+2 spear of chaos (weapon)
Missiles
 p - 5 tomahawks (quivered)
Armour
 a - a +1 robe (worn)
Magical devices
 d - a wand of frost (11) {unknown}
Comestibles
 c - 2 bread rations
 s - a meat ration
Scrolls
 f - 4 scrolls of identify
 k - a scroll of enchant armour
 o - a scroll of noise
 t - a scroll of magic mapping
 x - a scroll of teleportation {unknown}
 y - a scroll of fear
 z - a scroll of curse weapon {unknown}
 C - a scroll of curse jewellery {unknown}
Jewellery
 e - a +2 ring of protection (left hand)
 r - an uncursed ring of ice {unknown}
 D - an uncursed ring of see invisible {unknown}
Potions
 g - 4 potions of curing
 h - a potion of brilliance
 j - a potion of paralysis
 l - 2 potions of agility
 m - 2 potions of might
 u - a potion of heal wounds
 v - a potion of speed {unknown}
 w - a potion of magic
 A - a potion of invisibility {unknown}
 B - a potion of flight {unknown}
Books
 b - a book of Flames

   Spells                             Type                      Level
   *Flame Tongue                      Conjuration/Fire             1
   *Throw Flame                       Conjuration/Fire             2
   *Conjure Flame                     Conjuration/Fire             3
   Inner Flame                        Hexes/Fire                   3
   *Sticky Flame                      Conjuration/Fire             4
   Fireball                           Conjuration/Fire             5


   Skills:
 - Level 2.1 Dodging
 - Level 2.0 Stealth
 + Level 3.6 Spellcasting
 * Level 7.5 Conjurations
 * Level 6.4 Fire Magic


You had 3 spell levels left.
You knew the following spells:

 Your Spells              Type           Power        Failure   Level  Hunger
a - Flame Tongue          Conj/Fire      ####.        1%          1    None
b - Throw Flame           Conj/Fire      ####..       1%          2    ##.....
c - Conjure Flame         Conj/Fire      ####....     3%          3    ###....
d - Sticky Flame          Conj/Fire      ####....     12%         4    ####...


Dungeon Overview and Level Annotations

Branches:
Dungeon (5/16)
 Temple: D:4-7

Altars:
Xom
The Shining One

Shops:
D:4 !

Annotations:
D:4 Sigmund
D:5 Menkaure


Innate Abilities, Weirdness & Mutations

You can fly.
You have a beak for a mouth.
You have claws for feet.
You have a slow metabolism.


Message History

You reach to attack!
You hit the orc. You burn the orc.
The orc is heavily wounded.
Menkaure blazes with dark energy!
Menkaure calls on the powers of darkness!
The orc convulses!
Your body is wracked with pain!
* * * LOW HITPOINT WARNING * * *
Menkaure calls on the powers of darkness!
Your body is wracked with pain!
* * * LOW HITPOINT WARNING * * *
The hobgoblin shouts!
The hobgoblin misses you.
Casting: Flame Tongue
Confirm with . or Enter, or press ? or * to list all spells.
Aiming: Flame Tongue
Press: ? - help, Shift-Dir - straight line, f/p - orc
Aim: an orc, wielding an orcish whip and wearing an orcish leather armour (heavily wounded)
The flame hits the orc.
You kill the orc!
The hobgoblin hits you with a club!
You die...

#######.#.# #
#.........##.#
#?.............
#........)##..
#####ยง#I#.# #o#.# #
#)#.# #M#.# #.#@# #.#g#
#)#.# #z#.# #.#.# #.#.#
#.#.# #o#.#
##############.#.#.####


You could see an ice beast and a hobgoblin.

Vanquished Creatures
  An ogre (D:5)
  Duvessa (D:4)
  2 giant frogs (Sewer)
  2 jellies (D:5)
  Dowan (D:4)
  A scorpion (D:5)
  A worker ant (D:4)
  2 orc wizards
  5 gnolls
  An inept item mimic (D:4)
  8 adders
  An adder skeleton (D:4)
  2 grey rats (D:4)
  A giant gecko (D:4)
  An ooze (D:1)
  15 orcs
  12 bats
  10 hobgoblins
  A jackal (D:2)
  5 ball pythons (Sewer)
  4 giant cockroaches
  6 giant newts
  7 goblins
  8 kobolds
  2 quokkas
  13 rats
113 creatures vanquished.

Notes
Turn   | Place    | Note
--------------------------------------------------------------
     0 | D:1      | Kae, the Tengu Fire Elementalist, began the quest for the Orb.
     0 | D:1      | Reached XP level 1. HP: 10/10 MP: 3/3
   166 | D:1      | Reached XP level 2. HP: 15/15 MP: 5/5
   182 | D:1      | Found a glowing golden altar of the Shining One.
   698 | D:2      | Learned a level 2 spell: Throw Flame
   845 | D:2      | Reached XP level 3. HP: 19/19 MP: 7/7
  1166 | D:2      | Reached skill level 4 in Fire Magic
  1336 | D:2      | Reached XP level 4. HP: 24/24 MP: 7/9
  1696 | D:2      | Gained mutation: You have a slow metabolism. [potion of beneficial mutation]
  1697 | D:2      | HP: 1/24 [poisoned by a kobold]
  2043 | D:3      | Reached XP level 5. HP: 15/28 MP: 4/11
  2457 | D:3      | Learned a level 3 spell: Conjure Flame
  2863 | D:3      | Reached skill level 5 in Conjurations
  2976 | D:3      | Found a shimmering altar of Xom.
  2989 | D:4      | Found Benlum's Distillery.
  3000 | D:4      | Bought 3 potions of curing for 60 gold pieces
  3140 | D:4      | Reached skill level 5 in Fire Magic
  3140 | D:4      | Reached XP level 6. HP: 13/32 MP: 10/13
  3347 | D:4      | Noticed Sigmund
  3447 | D:4      | Found a glowing drain.
  3462 | Sewer    | Entered a sewer
  3680 | Sewer    | Reached skill level 6 in Conjurations
  3816 | Sewer    | Noticed Prince Ribbit
  3830 | Sewer    | Learned a level 4 spell: Sticky Flame
  4326 | D:4      | Noticed Dowan
  4329 | D:4      | Noticed Duvessa
  4344 | D:4      | Killed Duvessa
  4344 | D:4      | Reached XP level 7. HP: 18/36 MP: 3/16
  4496 | D:4      | Killed Dowan
  4751 | D:5      | Entered Level 5 of the Dungeon
  4756 | D:5      | Noticed Menkaure
  4788 | D:5      | Reached skill level 7 in Conjurations
  4829 | D:5      | Slain by a hobgoblin

Action                   |  1- 3 |  4- 6 |  7- 9 || total
-------------------------+-------+-------+-------++-------
Melee: Dagger            |    58 |    29 |       ||    87
       Unarmed           |     3 |       |       ||     3
       Halberd           |       |    38 |       ||    38
       Spear             |       |    32 |    14 ||    46
 Cast: Flame Tongue      |    32 |   123 |    21 ||   176
       Throw Flame       |       |     4 |     1 ||     5
       Sticky Flame      |       |     2 |     1 ||     3
       Conjure Flame     |       |       |     3 ||     3
  Use: Scroll            |       |    11 |       ||    11
       Potion            |       |     5 |       ||     5
 Stab: Sleeping          |     2 |       |       ||     2
       Distracted        |       |     1 |       ||     1
